 Dungeon Crawl Stone Soup version 0.28.0-53-g5a82cb258f (webtiles) character file.

Game seed: 17057989728679460876

256 Descartes the Shield-Bearer (level 6, 0/48 HPs)
             Began as a Formicid Fighter on Aug 21, 2022.
             Slain by a goblin
             ... wielding a +0 club
             ... led by Robin
              (5 damage)
             ... on level 4 of the Dungeon.
             The game lasted 00:05:39 (3880 turns).

Descartes the Shield-Bearer (Formicid Fighter)      Turns: 3880, Time: 00:05:39

Health: 0/48       AC:  4    Str: 22    XL:     6   Next: 39%
Magic:  6/6        EV: 10    Int:  8    God:
Gold:   217        SH:  4    Dex: 10    Spells: 5/5 levels left

rFire   . . .      SeeInvis +   r - +0 morningstar (flame)
rCold   . . .      Faith    .   c - +0 buckler
rNeg    . . .      Spirit   .   n - +1 leather armour {rPois}
rPois   +          Reflect  .   (helmet unavailable)
rElec   .          Harm     .   (no cloak)
rCorr   .          Rampage  .   (no gloves)
Will    .....                   (no boots)
Stlth   +.........              s - amulet of the acrobat
HPRegen 0.16/turn               (no ring)
MPRegen 0.10/turn               (no ring)

@: mighty
A: permanent stasis, dig shafts and tunnels, antennae 3, four strong arms
a: Dig, Shaft Self


You were on level 4 of the Dungeon.
You visited 1 branch of the dungeon, and saw 4 of its levels.

You collected 217 gold pieces.

Inventory:

Hand Weapons
 a - a +0 war axe
 r - a +0 morningstar of flaming (weapon)
Missiles
 o - 36 stones
 q - 16 arrows
 t - 13 sling bullets
Armour
 c - a +0 buckler (worn)
 j - a +0 chain mail
 n - a +1 leather armour of poison resistance (worn)
Jewellery
 s - an amulet of the acrobat (around neck)
Wands
 l - a wand of paralysis (10)
Scrolls
 e - 3 scrolls of teleportation {unknown}
 f - 3 scrolls of identify {unknown}
 i - a scroll of amnesia {unknown}
 m - a scroll of fog {unknown}
 p - a scroll of immolation {unknown}
Potions
 b - a potion of brilliance {unknown}
 d - a potion of might
 g - 2 potions of curing {unknown}
 h - a potion of haste {unknown}
 k - a potion of attraction {unknown}


   Skills:
 + Level 3.8 Fighting
 + Level 2.6(3.2) Axes
 * Level 2.0(2.6) Maces & Flails
 + Level 1.4(2.3) Polearms
 * Level 4.1 Armour
 * Level 4.6 Shields
 + Level 1.7 Hexes
 + Level 1.2 Translocations
 + Level 1.3 Evocations


You had 5 spell levels left.
You didn't know any spells.
Your spell library contained the following spells:

 Spells                   Type           Power      Damage    Failure   Level
 Sting                    Tmut/Pois      0%         1d3       52%         1
 Poisonous Vapours        Pois/Air       0%         N/A       67%         2
 Olgreb's Toxic Radiance  Pois           0%         N/A       99%         4


Dungeon Overview and Level Annotations

Branches:
Dungeon (4/15)
 Temple: D:4-7

Altars:

Annotations:
D:4 Robin


Innate Abilities, Weirdness & Mutations

You cannot be hasted, slowed, berserked, paralysed or teleported.
You can dig through walls and to a lower floor.
You have a pair of large antennae on your head. (SInv)
Your four strong arms can wield two-handed weapons with a shield.


Message History

Robin laughs in a distinctly smug fashion.
You sock the goblin! You burn the goblin.
You kill the goblin!
You block the goblin's attack. The goblin closely misses you.
The goblin misses you. The goblin closely misses you. The goblin misses you.
The goblin hits you with a +0 dagger.
You barely miss the goblin. You block the goblin's attack.
The goblin hits you but does no damage. The goblin closely misses you.
You hit the goblin. You burn the goblin.
The goblin is heavily wounded.
The goblin hits you but does no damage. You block the goblin's attack.
The goblin hits you with a +0 club.
You thump the goblin! You burn the goblin.
You kill the goblin!
The goblin closely misses you. The hobgoblin hits you.
Robin throws the goblin at you!
The goblin hits you but does no damage. x2
You block the goblin's attack. You block the hobgoblin's attack.
Robin roars a battlecry!
The hobgoblin goes into a battle-frenzy!
You barely miss the goblin. The goblin barely misses you.
A goblin comes into view. It is wielding a +0 club.
You block the goblin's attack. x2; The hobgoblin barely misses you.
The goblin closely misses you.
You closely miss the goblin.
The goblin shouts!
The goblin completely misses you. The goblin hits you with a +0 club.
The hobgoblin closely misses you. The goblin hits you with a +0 dagger.
The goblin hits you with a +0 club.
* * * LOW HITPOINT WARNING * * *
The goblin closely misses you. The hobgoblin closely misses you.
You puncture the goblin! You burn the goblin.
You kill the goblin!
The goblin hits you with a +0 club.
* * * LOW HITPOINT WARNING * * *
You block the goblin's attack. The hobgoblin hits you.
* * * LOW HITPOINT WARNING * * *
Robin throws the goblin at you!
You feel very mighty all of a sudden. You block the goblin's attack.
The goblin hits you with a +0 club.
You die... # #.#. #.##... ..# # #. #..#.#. #.# .#. ##.#... #.. #.. #..... .gg

..#######.... #g#
#.............
#g#...###...#..... #
###g#.#.# #..{#.....
#. #.g@g.#.# #.
#..... #..#.#g###.# #
#..... #..........#
#..... #..#.#.###.# {
#..... #. #.....#.#
#..... # ###.#.#.#
.#..... #.#...#
..#.....
.###.###.###...#.....
...............+.....


You could see Robin, 2 hobgoblins and 5 goblins.

Vanquished Creatures
  3 hounds (D:4)
  2 orc priests (D:3)
  An orc wizard (D:2)
  A worm (D:2)
  2 dart slugs
  7 orcs
  9 endoplasms
  A giant cockroach (D:1)
  6 goblins
  4 hobgoblins
  9 jackals
  3 quokkas
  5 ball pythons
  5 bats
  3 frilled lizards
  3 kobolds
  3 rats
67 creatures vanquished.

Notes
Turn   | Place    | Note
-------+----------+-------------------------------------------
     0 | D:1      | Descartes the Formicid Fighter began the quest for the Orb.
     0 | D:1      | Reached XP level 1. HP: 18/18 MP: 1/1
   100 | D:1      | Reached XP level 2. HP: 20/24 MP: 2/2
   555 | D:1      | Reached XP level 3. HP: 29/29 MP: 3/3
  1396 | D:2      | Found a faded altar of an unknown god.
  2049 | D:3      | Reached XP level 4. HP: 35/35 MP: 4/4
  3014 | D:3      | Reached skill level 1 in Hexes
  3102 | D:3      | Reached skill level 1 in Maces & Flails
  3106 | D:3      | Reached skill level 1 in Polearms
  3106 | D:3      | Reached skill level 1 in Evocations
  3106 | D:3      | Reached XP level 5. HP: 31/41 MP: 5/5
  3116 | D:2      | Reached skill level 1 in Translocations
  3525 | D:4      | Reached XP level 6. HP: 46/48 MP: 6/6
  3867 | D:4      | Noticed Robin
  3880 | D:4      | Slain by a goblin

Illustrated notes

Levels and vault maps discovered:
D:1:      dpeg_arrival_chambers_temple_mockup, layout_rooms
D:2:      layout_basic, hellmonk_ecumenical_altar_inner_sanctum,
          kennysheep_generic_room_15
D:3:      layout_loops_ring
D:4:      layout_basic, serial_shops, nicolae_shop_statue_plus,
          nicolae_shop_temple_entry_statues_fountains, shop,
          minmay_misc_feat_roman, kennysheep_windowed_goal, uniq_robin

Skill      XL: |  1  2  3  4  5  6 |
---------------+-------------------+-----
Shields        | 4 |  4.6
Hexes          | 1 |  1.7
Maces & Flails | 1 2 |  2.0
Polearms       | 1 |  1.4
Evocations     | 1 |  1.3
Translocations | 1 |  1.2
Armour         | 4 |  4.1
Fighting       | |  3.8
Axes           | |  2.6

Action                   |  1- 3 |  4- 6 || total
-------------------------+-------+-------++-------
Melee: War axe           |    96 |    35 ||   131
       Morningstar       |       |    73 ||    73
 Abil: Dig               |       |     2 ||     2
  Use: Potion            |       |     1 ||     1
Armor: Scale mail        |    53 |       ||    53
       Chain mail        |     3 |       ||     3
       Leather armour    |     2 |    36 ||    38
Dodge: Dodged            |    62 |    81 ||   143
Block: Buckler           |    21 |    41 ||    62
